 Dungeon Crawl Stone Soup version 0.27-a0-1273-gec92ba881d (webtiles) character file.

Game seed: 14124898329146417742

16 freelancePsychic the Chiller (level 2, 0/28 HPs)
             Began as a Demonspawn Wanderer on June 11, 2021.
             Slain by an adder (2 damage)
             ... on level 2 of the Dungeon.
             The game lasted 00:03:19 (1487 turns).

freelancePsychic the Chiller (Demonspawn Wanderer)  Turns: 1487, Time: 00:03:20

Health: 0/28       AC:  3    Str: 11    XL:     2   Next: 37%
Magic:  3/3        EV: 10    Int: 17    God:
Gold:   24         SH:  0    Dex:  9    Spells: 2/3 levels left

rFire    . . .     SeeInvis .   a - +0 dagger
rCold    . . .     Faith    .   (no shield)
rNeg     . . .     Spirit   .   b - +0 leather armour
rPois    .         Reflect  .   (no helmet)
rElec    .         Harm     .   (no cloak)
rCorr    .         Rampage  .   (no gloves)
Will     .....                  (no boots)
Stlth    ..........             (no amulet)
HPRegen  0.09/turn              (no ring)
MPRegen  0.08/turn              (no ring)

@: brilliant, berserking, lethally poisoned (0 -> -9), very quick
A: foul stench 1
a: no special abilities


You were on level 2 of the Dungeon.
You visited 1 branch of the dungeon, and saw 2 of its levels.

You collected 24 gold pieces.

Inventory:

Hand Weapons
 a - a +0 dagger (weapon)
Missiles
 c - 17 poisoned darts (quivered)
Armour
 b - a +0 leather armour (worn)
 d - a +3 scale mail
Scrolls
 e - a scroll of teleportation {unknown}
 h - a scroll of enchant weapon {unknown}


   Skills:
 - Level 1.0 Bows
 - Level 1.7 Throwing
 - Level 1.7 Armour
 - Level 1.0 Spellcasting
 - Level 1.0 Conjurations
 + Level 0.0 Transmutations
 + Level 0.0 Fire Magic
 - Level 2.6 Ice Magic
 + Level 2.1 Poison Magic


You had 2 spell levels left.
You knew the following spells:

 Your Spells              Type           Power      Damage    Failure   Level
a - Sting                 Tmut/Pois      24%        1d4       19%         1

Your spell library contained the following spells:

 Spells                   Type           Power      Damage    Failure   Level
 Ignite Poison            Fire/Tmut/Pois 5%         N/A       54%         3


Dungeon Overview and Level Annotations

Branches:
Dungeon (2/15)

Altars:


Innate Abilities, Weirdness & Mutations

You may rarely emit foul miasma when damaged in melee.


Message History

There is a stone staircase leading down here.
You climb downwards.
There is a stone staircase leading up here. 2 adders come into view.
The adder hisses angrily. x2
The adder closely misses you. The adder bites you.
You throw a poisoned dart.
The poisoned dart closely misses the adder.
The poisoned dart hits the adder.
The adder is poisoned.
The adder bites you but does no damage.
You throw a poisoned dart. The poisoned dart hits the adder.
The adder is poisoned.
The adder bites you.
You throw a poisoned dart. The poisoned dart hits the adder.
The adder looks even sicker.
The adder is moderately wounded.
The adder bites you.
Throw: 18 darts (poison)
Press: ? - help, Q - select action, (/) - cycle Shift-Dir - straight line, f/p - adder
Aim: an adder (moderately wounded, very poisoned, 29% to hit)
You throw a poisoned dart.
The poisoned dart closely misses the adder.
The poisoned dart hits the adder.
The adder looks even sicker.
The adder is moderately wounded.
The adder bites you.
You are poisoned.
The adder poisons you!
It was a potion of brilliance.
You feel clever all of a sudden.
You feel sick. The adder bites you.
* * * LOW HITPOINT WARNING * * *
You are more poisoned.
The adder poisons you! The adder misses you.
It was a potion of berserk rage.
A red film seems to cover your vision as you go berserk!
You feel yourself moving faster!
You feel mighty!
* * * LOW HITPOINT WARNING * * *
You feel very sick. The adder bites you.
You die...

### ##############.....
########.@SS..........#
.......<.#########........
########## #.#..####
.....# .....# S......
......## .#.....#


You could see 2 adders.

Vanquished Creatures
  A bat (D:1)
  2 endoplasms (D:1)
  2 giant cockroaches (D:1)
  2 goblins (D:1)
  2 jackals (D:1)
  3 frilled lizards (D:1)
  2 rats (D:1)
14 creatures vanquished.

Notes
Turn   | Place    | Note
-------+----------+-------------------------------------------
     0 | D:1      | freelancePsychic the Demonspawn Wanderer began the quest
                  | for the Orb.
     0 | D:1      | freelancePsychic set off with the following items: a +0
                  | dagger, 10 poisoned darts, a +2 scale mail; and the
                  | following spell memorised: Sting; and the following spells
                  | available to memorise: Ignite Poison
     0 | D:1      | Reached XP level 1. HP: 13/13 MP: 2/2
    78 | D:1      | Reached skill level 1 in Poison Magic
   641 | D:1      | Gained mutation: You may rarely emit foul miasma when
                  | damaged in melee. [demonic ancestry]
   641 | D:1      | Reached XP level 2. HP: 16/19 MP: 3/3
  1487 | D:2      | Slain by an adder

Illustrated notes

Levels and vault maps discovered:
D:1:      dpeg_arrival_rooms_c, layout_loops_ring, serial_forest,
          infiniplex_forest_straight_1, infiniplex_forest_lined_ring,
          infiniplex_forest_pool, infiniplex_forest_straight_2,
          infiniplex_forest_clump_small
D:2:      layout_loops_ring

Skill      XL: |  1  2 |
---------------+-------+-----
Poison Magic   | 1 2 |  2.1
Bows           | |  1.0
Throwing       | |  1.7
Armour         | |  1.7
Spellcasting   | |  1.0
Conjurations   | |  1.0
Ice Magic      | |  2.6

Action                   || total
-------------------------++-------
Melee: Dagger            ||    50
Throw: Dart              ||    23
  Use: Potion            ||     2
       Scroll            ||     1
Armor: Leather armour    ||    20
Dodge: Dodged            ||    36

Table legend: (Time is in decaauts)
 A = Elapsed time spent in this place.
 B = Non-inter-level travel time spent in this place.
 C = Inter-level travel time spent in this place.
 D = Time resting spent in this place.
 E = Time spent auto-exploring this place.
 F = Levels seen in this place.
 G = Mean time per level.
                   A        B        C        D        E       F      G
               +--------+--------+--------+--------+--------+-----+--------+
         Total |   1488 |   1360 |    128 |     91 |   1116 |   2 |  744.0 |
       Dungeon |   1488 |   1360 |    128 |     91 |   1116 |   2 |  744.0 |
               +--------+--------+--------+--------+--------+-----+--------+

Top non-repeatable levels by time:
     D:1: 1458 daAuts
     D:2: 29 daAuts
